 Dungeon Crawl Stone Soup version 0.28-a0-556-gab23d0e057 (webtiles) character file.

Game seed: 14962469076798557817

11262 friend the Fighter (level 11, -4/127 HPs)
             Began as an Ogre Hunter on Sept 28, 2021.
             Was a High Priest of Okawaru.
             Slain by a four-headed hydra (13 damage)
             ... on level 1 of the Lair of Beasts on Sept 29, 2021.
             The game lasted 00:33:28 (16965 turns).

friend the Fighter (Ogre Hunter)                   Turns: 16965, Time: 00:33:29

Health: -4/127     AC:  5    Str: 24    XL:     11   Next: 75%
Magic:  12/12      EV:  9    Int: 12    God:    Okawaru [*****.]
Gold:   707        SH:  0    Dex: 12    Spells: 10/10 levels left

rFire   . . .      SeeInvis .   v - +0 giant club (flame)
rCold   + . .      Faith    +   (shield currently unavailable)
rNeg    . . .      Spirit   .   p - +0 troll leather armour
rPois   .          Reflect  .   (helmet restricted)
rElec   .          Harm     .   (no cloak)
rCorr   .          Rampage  .   (gloves unavailable)
Will    +....                   (boots unavailable)
Stlth   +.........              e - amulet of faith
HPRegen 1.31/turn               s - +6 ring of strength
MPRegen 0.13/turn               I - ring of protection from cold

@: about to teleport, studying Unarmed Combat
A: large, unfitting armour, tough skin 1
a: Renounce Religion, Heroism, Finesse, Duel


You were on level 1 of the Lair of Beasts.
You worshipped Okawaru.
Okawaru was extremely pleased with you.
You visited 2 branches of the dungeon, and saw 12 of its levels.
You also visited: Ossuary.

You collected 707 gold pieces.

Inventory:

Hand Weapons
 v - a +0 giant club of flaming (weapon)
 Q - a +0 giant spiked club of flaming
Missiles
 a - 5 javelins
 c - 12 large rocks
 d - a throwing net
 k - 175 stones
 u - 8 curare-tipped darts
 y - 11 boomerangs
 K - 31 poisoned darts (quivered)
 N - 6 datura-tipped darts
Armour
 b - a +1 robe
 p - a +0 troll leather armour (worn)
Jewellery
 e - an amulet of faith (around neck)
 s - a +6 ring of strength (left hand)
 I - a ring of protection from cold (right hand)
Wands
 f - a wand of paralysis (6)
 w - a wand of flame (38)
 z - a wand of acid (9)
 C - a wand of iceblast (16)
 O - a wand of polymorph (4)
Scrolls
 g - 2 scrolls of fear
 i - 5 scrolls of identify
 j - 2 scrolls of holy word
 l - 2 scrolls of amnesia
 t - 6 scrolls of teleportation
 x - 3 scrolls of enchant armour
 B - 2 scrolls of blinking
 D - 3 scrolls of enchant weapon
 P - 2 scrolls of magic mapping
Potions
 h - 3 potions of haste
 m - a potion of ambrosia
 n - 2 potions of resistance
 o - 2 potions of brilliance
 q - 3 potions of curing
 A - a potion of flight
 E - a potion of cancellation
 F - 2 potions of attraction
 G - 2 potions of magic
 H - a potion of invisibility
Miscellaneous
 J - a phial of floods (inert)


   Skills:
 - Level 13.0 Fighting
 + Level 12.2 Maces & Flails
 - Level 7.0 Throwing
 - Level 1.7 Dodging
 - Level 0.6 Stealth
 + Level 2.6 Invocations
 + Level 3.6 Evocations


You had 10 spell levels left.
You didn't know any spells.
Your spell library contained the following spells:

 Spells                   Type           Power      Damage    Failure   Level
 Beastly Appendage        Tmut           0%         N/A       36%         1
 Pain                     Necr           0%         1d4       36%         1
 Wereblood                Tmut           0%         N/A       50%         2
 Conjure Flame            Conj/Fire      0%         6-21      75%         3
 Frozen Ramparts          Ice            0%         1d2       75%         3
 Ignite Poison            Fire/Tmut/Pois 0%         N/A       75%         3
 Portal Projectile        Hex/Tloc       0%         N/A       75%         3
 Spider Form              Tmut/Pois      0%         N/A       75%         3
 Vampiric Draining        Necr           0%         2d6       75%         3
 Ice Form                 Ice/Tmut       0%         N/A       98%         4
 Leda's Liquefaction      Hex/Erth       0%         N/A       98%         4
 Petrify                  Tmut/Erth      0%         N/A       98%         4
 Sticky Flame             Conj/Fire      0%         2d3       98%         4
 Blade Hands              Tmut           0%         N/A       100%        5
 Excruciating Wounds      Necr           0%         N/A       100%        5
 Lee's Rapid Deconstruct  Erth           0%         3d5*      100%        5
 Metabolic Englaciation   Hex/Ice        0%         N/A       100%        5
 Statue Form              Tmut/Erth      0%         N/A       100%        6
 Animate Skeleton         Necr           Unusable   N/A       N/A         1
 Summon Ice Beast         Ice/Summ       Unusable   N/A       N/A         4

Dungeon Overview and Level Annotations

Branches:
Dungeon (11/15)            Temple (0/1) D:7            Lair (1/6) D:11
    Orc (0/2) D:9         Ossuary (visited)

Altars:
Kikubaaqudgha
Okawaru
Ru
Vehumet
Xom

Annotations:
Lair:1 exclusion: oklob plant


Innate Abilities, Weirdness & Mutations

You are too large for most types of armour.
You have tough skin. (AC +1)


Message History

You regained 2 hp, and now have 107/127 hp.
You hit the yak. You burn the yak. The yak gores you.
You take 1 damage, and have 106/127 hp.
You sock the yak! You burn the yak.
You kill the yak!
Okawaru accepts your kill.
You start resting.
Health restored: 127
As you read the scroll of teleportation, it crumbles to dust.
You feel strangely unstable.
You climb downwards.
Welcome back to the Lair of Beasts!
Level annotation: exclusion: oklob plant The five-headed hydra bites you!
The five-headed hydra barely misses you.
The five-headed hydra bites you. x2; The five-headed hydra bites you!
The yak gores you. The yak gores you! The five-headed hydra bites you.
The five-headed hydra bites you! x3
* * * LOW HITPOINT WARNING * * *
The five-headed hydra bites you!
* * * LOW HITPOINT WARNING * * *
There is a staircase back to the Dungeon, spattered with blood here.
You take 97 damage, and have 30/127 hp.
MASSIVE DAMAGE!!
Unknown command.
The yak gores you!
* * * LOW HITPOINT WARNING * * *
You take 9 damage, and have 21/127 hp.
Unknown command.
Your surroundings suddenly seem different.
A four-headed hydra comes into view.
The four-headed hydra roars!
As you read the scroll of teleportation, it crumbles to dust.
You feel strangely unstable.
The four-headed hydra bites you but does no damage.
The four-headed hydra bites you!
* * * LOW HITPOINT WARNING * * *
The four-headed hydra bites you!
* * * LOW HITPOINT WARNING * * *
The four-headed hydra bites you!
You die...

.# ......# . .
...... .. #.
..... .
...#.##.#.###..
...............
...............
...............
.......@.......
...####D.......
#........
#....$...
...P#.##.
#..#### #..#
...#


You could see a four-headed hydra.

Vanquished Creatures
  3 two-headed ogres
  An orc sorcerer (D:10)
  A centaur zombie (D:11)
  A black mamba (Lair:1)
  A cane toad (Lair:1)
  2 kobold demonologists (D:11)
  5 trolls
  2 water elementals (D:11)
  A shadow (D:11)
  8 yaks
  A steam dragon (D:10)
  An acid dragon (D:9)
  2 water moccasins
  An orc warrior (D:10)
  A hornet zombie (D:6)
  3 black bears
  3 sky beasts
  3 ogres
  A necrophage (D:4)
  10 wolves
  A centaur (D:8)
  2 elf zombies
  3 bullfrogs
  A kobold brigand (D:11)
  A wyvern zombie (D:6)
  3 scorpions
  An elf skeleton (D:7)
  10 killer bees
  12 wights
  2 howler monkeys
  3 electric eels (D:11)
  3 orc priests
  A bullfrog zombie (D:5)
  8 hounds
  A human zombie (Ossuary)
  An orc wizard (D:8)
  3 iguanas (D:6)
  A killer bee zombie (D:6)
  A hound zombie (D:5)
  4 mummies (Ossuary)
  2 howler monkey zombies
  10 gnolls
  A howler monkey skeleton (D:6)
  6 adders
  2 white imps
  2 ufetubi (D:5)
  2 adder zombies (Ossuary)
  2 dart slugs (D:2)
  11 orcs
  7 ball pythons
  5 endoplasms
  6 giant cockroaches
  7 goblins
  8 hobgoblins
  7 jackals (D:3)
  9 kobolds
  3 quokkas
  3 bats
  2 frilled lizards
  A gnoll zombie (Ossuary)
  A goblin zombie (Ossuary)
  3 hobgoblin zombies (Ossuary)
  3 kobold zombies (Ossuary)
  2 orc skeletons (D:7)
  2 orc zombies (D:7)
  2 rats
  A butterfly (D:7)
223 creatures vanquished.

Vanquished Creatures (others)
  5 fungi
  3 plants
8 creatures vanquished.

Grand Total: 231 creatures vanquished

Notes
Turn   | Place    | Note
-------+----------+-------------------------------------------
     0 | D:1      | friend the Ogre Hunter began the quest for the Orb.
     0 | D:1      | Reached XP level 1. HP: 22/22 MP: 1/1
   206 | D:1      | Reached skill level 3 in Fighting
   426 | D:1      | HP: 1/23 [poisoned by a goblin]
   430 | D:1      | Reached XP level 2. HP: 2/31 MP: 2/2
  1111 | D:2      | Reached XP level 3. HP: 39/39 MP: 3/3
  1139 | D:2      | Reached skill level 4 in Fighting
  1564 | D:2      | Found a faded altar of an unknown god.
  1570 | D:2      | Reached XP level 4. HP: 49/49 MP: 4/4
  1983 | D:2      | Reached skill level 5 in Throwing
  2860 | D:3      | Reached skill level 5 in Fighting
  2926 | D:3      | Found a shimmering altar of Xom.
  3118 | D:4      | Reached XP level 5. HP: 54/57 MP: 5/5
  3164 | D:4      | Noticed a necrophage
  3167 | D:4      | Killed a necrophage
  3238 | D:4      | Noticed an ogre
  3238 | D:4      | Noticed a sky beast
  3242 | D:4      | Killed an ogre
  3243 | D:4      | Reached skill level 6 in Fighting
  3243 | D:4      | Reached XP level 6. HP: 67/67 MP: 6/6
  3259 | D:4      | Killed a sky beast
  3847 | D:5      | Entered Level 5 of the Dungeon
  3857 | D:5      | Reached skill level 7 in Fighting
  3857 | D:5      | Reached XP level 7. HP: 61/78 MP: 7/7
  4065 | D:5      | Reached skill level 1 in Maces & Flails
  4946 | D:5      | Reached XP level 8. HP: 69/87 MP: 8/8
  5552 | D:5      | Reached skill level 5 in Maces & Flails
  6790 | D:6      | Found an iron altar of Okawaru.
  6798 | D:6      | Became a worshipper of Warmaster Okawaru
  7490 | D:6      | Reached * piety under Okawaru
  7491 | D:6      | Reached XP level 9. HP: 73/93 MP: 9/9
  8642 | D:7      | Identified the +7 falchion "Mojed" {protect, Int+2 Dex+3}
  8872 | D:7      | Found a sand-covered staircase.
  8893 | Ossuary  | Entered an ossuary
  9395 | D:7      | Found a staircase to the Ecumenical Temple.
  9416 | D:7      | Reached skill level 8 in Fighting
 10396 | D:8      | Noticed a two-headed ogre
 10407 | D:8      | Killed a two-headed ogre
 10407 | D:8      | Reached ** piety under Okawaru
 10408 | D:8      | Reached skill level 9 in Fighting
 10664 | D:8      | Reached XP level 10. HP: 110/110 MP: 10/10
 10804 | D:8      | Found a radiant altar of Vehumet.
 10804 | D:8      | Found a sacrificial altar of Ru.
 10807 | D:8      | Found an ancient bone altar of Kikubaaqudgha.
 10847 | D:8      | Reached skill level 10 in Fighting
 11863 | D:9      | Reached *** piety under Okawaru
 11895 | D:9      | Reached skill level 10 in Maces & Flails
 12543 | D:9      | Received a gift from Okawaru
 13081 | D:9      | Found a staircase to the Orcish Mines.
 13347 | D:10     | Entered Level 10 of the Dungeon
 13382 | D:10     | Reached skill level 11 in Fighting
 13420 | D:9      | HP: 2/109 [wight (12)]
 14437 | D:10     | Noticed a two-headed ogre
 14469 | D:10     | Killed a two-headed ogre
 14469 | D:10     | Reached **** piety under Okawaru
 14469 | D:10     | Received a gift from Okawaru
 14584 | D:10     | Reached skill level 12 in Fighting
 14817 | D:10     | Noticed an orc sorcerer
 14824 | D:10     | Killed an orc sorcerer
 14825 | D:10     | Reached XP level 11. HP: 121/124 MP: 11/11
 14903 | D:10     | Saving game... please wait.
 15256 | D:11     | Reached ***** piety under Okawaru
 15367 | D:11     | Found a staircase to the Lair.
 15414 | D:11     | Received a gift from Okawaru
 15500 | D:11     | Reached skill level 13 in Fighting
 15500 | D:11     | Reached skill level 1 in Evocations
 15877 | D:11     | Received a gift from Okawaru
 16124 | D:11     | Noticed a two-headed ogre
 16128 | D:11     | Killed a two-headed ogre
 16574 | Lair:1   | Entered Level 1 of the Lair of Beasts
 16686 | D:11     | Reached skill level 1 in Invocations
 16802 | Lair:1   | Noticed an oklob plant
 16840 | Lair:1   | Noticed a five-headed hydra
 16964 | Lair:1   | Noticed a four-headed hydra
 16965 | Lair:1   | Slain by a four-headed hydra

Illustrated notes

Levels and vault maps discovered:
D:1:      erik_arrival_triangle_huge, layout_rooms
D:2:      layout_basic, dreamdust_ecumenical_altar_grove, chequers_jeans
D:3:      layout_loops_ring, general_overflow_altar, chequers_mini_garden
D:4:      layout_cave_pools
D:5:      layout_rooms
D:6:      layout_basic, kennysheep_okawaru_gauntlet, minmay_circle_x
D:7:      layout_loops_ring, minmay_temple_entry_butterflies,
          nicolae_ossuary_entry_catacombs, minmay_misc_feat_room
D:8:      layout_loops_corners, nicolae_overflow_hidden_temple
D:9:      layout_basic, orc_0_dummy
D:10:     layout_rooms, minmay_librarian
D:11:     layout_stronghold, erik_lair_island, minmay_misc_feat_tower,
          fungi_pond_lemuel
Lair:1:   beast_lair_carwin_large_1, layout_chaotic_city, lemuel_oklob_altar

Skill      XL: |  1  2  3  4  5  6  7  8  9 10 11 |
---------------+----------------------------------+-----
Fighting       | 3 4 5 6 7 9 12 13 | 13.0
Throwing       | 5 6 7 |  7.0
Maces & Flails | 4 7 9 11 12 | 12.2
Evocations     | 3 |  3.6
Invocations    | 2 |  2.6
Dodging        | |  1.7
Stealth        | |  0.6

Action                   |  1- 3 |  4- 6 |  7- 9 | 10-12 || total
-------------------------+-------+-------+-------+-------++-------
Melee: Short sword       |    16 |       |       |       ||    16
       Dagger            |    26 |   109 |   213 |    34 ||   382
       Giant club        |       |       |    16 |   194 ||   210
       Flail             |       |       |    59 |       ||    59
       Dire flail        |       |       |    94 |       ||    94
Throw: Large rock        |     6 |     5 |     6 |    22 ||    39
       Dart              |     2 |     2 |     4 |    22 ||    30
       Throwing net      |     2 |       |     1 |     2 ||     5
       Stone             |    17 |   144 |   115 |     4 ||   280
       Boomerang         |       |       |     1 |       ||     1
Invok: Heroism           |       |       |     6 |    10 ||    16
Evoke: Wand              |       |       |     2 |     4 ||     6
       Phial of floods   |       |       |       |     1 ||     1
  Use: Scroll            |       |     6 |    18 |     5 ||    29
       Potion            |       |       |     2 |     5 ||     7
 Stab: Sleeping          |       |     1 |       |       ||     1
       Paralysed         |       |       |    13 |       ||    13
Armor: Robe              |     8 |    28 |    73 |    51 ||   160
       Skin              |       |       |   141 |       ||   141
       Troll leather arm |       |       |       |    18 ||    18
Dodge: Dodged            |    19 |    34 |   170 |   159 ||   382

Table legend: (Time is in decaauts)
 A = Elapsed time spent in this place.
 B = Non-inter-level travel time spent in this place.
 C = Inter-level travel time spent in this place.
 D = Time resting spent in this place.
 E = Time spent auto-exploring this place.
 F = Levels seen in this place.
 G = Mean time per level.
                   A        B        C        D        E       F      G
               +--------+--------+--------+--------+--------+-----+--------+
         Total |  16916 |  16531 |    385 |   5245 |   8726 |  13 | 1301.2 |
       Dungeon |  16305 |  15920 |    385 |   5021 |   8612 |  11 | 1482.3 |
          Lair |    172 |    172 |      0 |      0 |     79 |   1 |  172.0 |
       Ossuary |    437 |    437 |      0 |    224 |     35 |   1 |  437.0 |
               +--------+--------+--------+--------+--------+-----+--------+

Top non-repeatable levels by time:
     D:6: 2540 daAuts
     D:5: 2220 daAuts
     D:8: 1972 daAuts
    D:11: 1814 daAuts
     D:9: 1708 daAuts
     D:2: 1275 daAuts
    D:10: 1115 daAuts
     D:7: 1105 daAuts
     D:1: 886 daAuts
     D:3: 877 daAuts
     D:4: 788 daAuts
 Ossuary: 437 daAuts
  Lair:1: 172 daAuts
